 Dungeon Crawl Stone Soup version 0.20.0 (webtiles) character file.

1538 MatthieuS the Grappler (level 8, 0/58 (63) HPs)
             Began as a Ghoul Monk on June 7, 2017.
             Was a Believer of Kikubaaqudgha.
             Killed from afar by an electric eel (9 damage)
             ... with a bolt of electricity
             ... on level 6 of the Dungeon.
             The game lasted 00:15:41 (5830 turns).

MatthieuS the Grappler (Ghoul Monk)                 Turns: 5830, Time: 00:15:43

HP:   0/58 (63)     AC: 10    Str: 13 (15) XL:     8   Next: 86%
MP:   7/7           EV:  6    Int:  5 (7)  God:    Kikubaaqudgha [**....]
Gold: 299           SH:  0    Dex: 10 (11) Spells: 0/7 levels left

rFire    . . .     SeeInvis .     - Unarmed
rCold    + . .     Gourm    .   d - +0 buckler
rNeg     + + +     Faith    .   g - +0 chain mail
rPois    ∞         Spirit   .   x - +0 helmet
rElec    .         Reflect  .   (no cloak)
rCorr    +         Harm     .   h - +0 pair of gloves
MR       .....                  (no boots)
Stlth    ..........             (no amulet)
Regen    0.0/turn               j - ring of resist corrosion
MPRegen  0.1/turn               (no ring)

@: confused, rotting, very slow
A: rotting body, claws 1, carnivore 3, cold resistance 1, negative energy
resistance 3, inhibited regeneration, torment resistance, unbreathing
a: Receive Corpses, Renounce Religion


You were on level 6 of the Dungeon.
You worshipped Kikubaaqudgha.
Kikubaaqudgha was pleased with you.
You were very hungry.

You visited 2 branches of the dungeon, and saw 7 of its levels.

You collected 323 gold pieces.
You spent 24 gold pieces at shops.

Inventory:

Missiles
 k - 3 javelins (quivered)
Armour
 d - a +0 buckler (worn)
 g - a +0 chain mail (worn)
 h - a +0 pair of gloves (worn)
 x - a +0 helmet (worn)
Jewellery
 j - a ring of resist corrosion (left hand)
Wands
 A - a wand of iceblast (9/15)
Scrolls
 e - 2 scrolls of fear
 i - 3 scrolls of teleportation
 m - a scroll of magic mapping
 n - a scroll of amnesia {unknown}
 p - a scroll of noise {unknown}
 s - 4 scrolls of recharging
 w - a scroll of enchant weapon {unknown}
Potions
 f - a potion of flight
 o - 2 potions of brilliance
 q - 3 potions of cancellation
 t - a potion of might {unknown}
 u - 3 potions of haste
 v - a potion of invisibility {unknown}
 z - a potion of mutation {unknown}
Books
 y - Kikubaaqudgha's Handbook of Evil
   (Kikubaaqudgha gifted it to you in the Ecumenical Temple)

   Spells                             Type                      Level
   a - Animate Skeleton               Necromancy                   1
   b - Pain                           Necromancy                   1
   c - Corpse Rot                     Necromancy                   2
   d - Regeneration                   Charms/Necromancy            3
   e - Control Undead                 Necromancy                   4
Comestibles
 b - 5 meat rations
 B - a royal jelly


   Skills:
 + Level 3.3 Fighting
 + Level 2.7 Dodging
 - Level 2.1 Stealth
 - Level 4.7 Shields
 * Level 10.5 Unarmed Combat


You couldn't memorise any spells.
You knew the following spells:

 Your Spells              Type           Power        Failure   Level  Hunger
a - Pain                  Necr           #...         100%        1    ##.....
b - Corpse Rot            Necr           N/A          100%        2    ###....
c - Regeneration          Chrm/Necr      #.........   100%        3    ####...
d - Animate Skeleton      Necr           N/A          100%        1    ##.....


Dungeon Overview and Level Annotations

Branches:
Dungeon (6/15)             Temple (1/1) D:6

Altars:
Ashenzari
Elyvilon
Fedhas
Gozag
Hepliaklqana
Kikubaaqudgha
Makhleb
Nemelex Xobeh
Okawaru
Qazlal
Vehumet
Xom
Yredelemnul
Zin
The Shining One

Shops:
D:6 ?*


Innate Abilities, Weirdness & Mutations

Your body is rotting away.
You thrive on raw meat.
You are immune to poison.
You have sharp fingernails.
You are carnivorous and can eat meat at any time.
Your flesh is cold resistant. (rC+)
You are immune to negative energy. (rN+++)
You do not regenerate when monsters are visible.
You are immune to unholy pain and torment.
You can survive without breathing.


Message History

* * * LOW HITPOINT WARNING * * *
You closely miss the electric eel.
The electric eel is lightly wounded.
The electric eel shoots out a bolt of lightning at you!
The bolt of electricity hits you!
* * * LOW HITPOINT WARNING * * *
It was a potion of degeneration.
There was something very wrong with that liquid.
You feel weakened.
You feel dopey.
You feel clumsy.
It was a potion of berserk rage.
You cannot raise a blood rage in your lifeless body.
The electric eel shoots out a bolt of lightning at you!
The bolt of electricity hits you!
It was a potion of ambrosia.
You are confused.
You feel invigorated.
The electric eel shoots out a bolt of lightning at you!
The bolt of electricity hits you!
You die...
Kikubaaqudgha rasps: "You have failed me!
Welcome... oblivion!"

*,,,,,,........#................#
*,***,*######..###...##########..
*,**,,* #..# ##≈PP.,.........
*,**,** #..###P...P#########.
*,**,* #....≈P≈P≈P≈## #.
*,**,*******#.#≈P≈≈*♣P≈≈.# #.
*,**,**,,,,,,<.P≈♣***♣P≈.#######.
*,**,,,,*****,#P;♣ ♣≈≈P........
*,,,,,,,,,,,,,#P@♣♣ ♣♣♣PP.#######
**************##≈≈♣♣♣P≈≈..#
#.≈≈≈≈.PP### ##≈P≈.#### #P####
###


You could see an electric eel.

Vanquished Creatures
  A necrophage (D:5)
  A phantom (D:6)
  2 ogres (D:4)
  A centaur (D:5)
  4 scorpions
  2 howler monkeys
  2 crimson imps
  A bullfrog skeleton (D:5)
  A hound (D:4)
  3 orc priests
  5 orc wizards
  2 iguanas
  8 worker ants
  2 killer bee zombies
  8 adders
  A shadow imp (D:6)
  3 worms
  A leopard gecko (D:5)
  18 orcs
  6 giant cockroaches
  5 goblins
  9 hobgoblins
  12 jackals
  10 kobolds
  A quokka (D:3)
  3 ball pythons
  7 bats
  8 frilled lizards
  A giant cockroach zombie (D:5)
  A jackal skeleton (D:4)
  A leopard gecko skeleton (D:4)
  A quokka skeleton (D:4)
  8 rats
  A plant (D:6)
140 creatures vanquished.

Notes
Turn   | Place    | Note
-------+----------+-------------------------------------------
     0 | D:1      | MatthieuS the Ghoul Monk began the quest for the Orb.
     0 | D:1      | Reached XP level 1. HP: 19/19 MP: 0/0
   266 | D:1      | Reached XP level 2. HP: 26/26 MP: 1/1
   279 | D:1      | Reached skill level 4 in Unarmed Combat
   612 | D:1      | Reached XP level 3. HP: 29/31 MP: 2/2
  1117 | D:2      | Reached skill level 5 in Unarmed Combat
  1164 | D:2      | Found a faded altar of an unknown god.
  1175 | D:2      | Found a radiant altar of Vehumet.
  1287 | D:2      | Reached XP level 4. HP: 34/38 MP: 3/3
  1911 | D:3      | Reached skill level 6 in Unarmed Combat
  1911 | D:3      | Reached XP level 5. HP: 31/45 MP: 4/4
  2338 | D:3      | Reached skill level 7 in Unarmed Combat
  2820 | D:4      | Reached XP level 6. HP: 49/51 MP: 5/5
  3082 | D:4      | Reached skill level 8 in Unarmed Combat
  3251 | D:4      | Reached XP level 7. HP: 28/57 MP: 6/6
  3600 | D:4      | Reached skill level 1 in Shields
  3780 | D:4      | Reached skill level 9 in Unarmed Combat
  4197 | D:4      | Found a blossoming altar of Fedhas.
  4380 | D:5      | Entered Level 5 of the Dungeon
  4386 | D:5      | Reached XP level 8. HP: 60/63 MP: 7/7
  4571 | D:5      | Found an opulent altar of Gozag.
  4937 | D:5      | Reached skill level 10 in Unarmed Combat
  5301 | D:6      | Found a glowing golden altar of the Shining One.
  5391 | D:6      | Found Sarch's Assorted Antiques.
  5571 | D:6      | Found a staircase to the Ecumenical Temple.
  5595 | Temple   | Entered the Ecumenical Temple
  5629 | Temple   | Became a worshipper of Kikubaaqudgha
  5629 | Temple   | Reached * piety under Kikubaaqudgha
  5629 | Temple   | Identified Kikubaaqudgha's Handbook of Evil (Kikubaaqudgha gifted it to you in the Ecumenical Temple)
  5629 | Temple   | Received a gift from Kikubaaqudgha
  5629 | Temple   | Reached ** piety under Kikubaaqudgha
  5634 | Temple   | Learned a level 1 spell: Pain
  5637 | Temple   | Learned a level 2 spell: Corpse Rot
  5641 | Temple   | Learned a level 3 spell: Regeneration
  5643 | Temple   | Learned a level 1 spell: Animate Skeleton
  5685 | D:6      | Found Nuczoy Alogu's Magic Scroll Boutique.
  5706 | D:6      | Bought a scroll of identify for 24 gold pieces
  5830 | D:6      | Killed from afar by an electric eel

Skill      XL: |  1  2  3  4  5  6  7  8 |
---------------+-------------------------+-----
Unarmed Combat | 4 5 6 7 8 9 10 | 10.5
Shields        | 2 4 |  4.7
Fighting       | |  3.3
Dodging        | |  2.7
Stealth        | |  2.1

Action                   |  1- 3 |  4- 6 |  7- 9 || total
-------------------------+-------+-------+-------++-------
Melee: Unarmed           |   149 |   214 |   332 ||   695
       Punch             |     2 |     2 |     2 ||     6
Throw: Javelin           |       |     2 |       ||     2
  Use: Scroll            |       |     7 |     5 ||    12
       Potion            |       |       |     3 ||     3
 Stab: Sleeping          |     1 |     1 |       ||     2
  Eat: Chunk             |     1 |     6 |     8 ||    15
Armor: Ring mail         |    52 |    50 |       ||   102
       Robe              |     4 |       |       ||     4
       Chain mail        |       |    43 |   115 ||   158
Dodge: Dodged            |   106 |   100 |    73 ||   279
Block: Buckler           |       |       |    37 ||    37
